 Dungeon Crawl Stone Soup version 0.28-a0-533-g9f97627e2a (webtiles) character file.

Game seed: 16912821919505872306

19331 heikuro the Protected (level 12, -9/115 HPs)
             Began as a Minotaur Fighter on Sept 26, 2021.
             Was a High Priest of Okawaru.
             Mangled by Rupert (11 damage)
             ... while paralysed by Rupert
             ... on level 12 of the Dungeon.
             The game lasted 00:17:08 (13657 turns).

heikuro the Protected (Minotaur Fighter)           Turns: 13657, Time: 00:17:09

Health: -9/115     AC: 22    Str: 28    XL:     12   Next: 35%
Magic:  17/18      EV:  2    Int:  5    God:    Okawaru [*****.]
Gold:   804        SH:  0    Dex: 11    Spells: 11/11 levels left

rFire   + + .      SeeInvis .   a - +2 hand axe (elec)
rCold   + . .      Faith    .   c - +0 buckler
rNeg    . . .      Spirit   .   R - +4 chain mail of Okawaru's Wrath {-Cast rPois rF++ Str+3}
rPois   +          Reflect  +   (helmet restricted)
rElec   .          Harm     .   D - +0 cloak
rCorr   .          Rampage  .   (no gloves)
Will    +....      NoCast   +   y - +0 pair of boots
Stlth   ..........              K - amulet of reflection
HPRegen 0.29/turn               N - ring of protection from cold
MPRegen 0.16/turn               s - ring of willpower

@: paralysed, heroic
A: horns 2, retaliatory headbutt
a: Renounce Religion, Heroism, Finesse, Duel


You were on level 12 of the Dungeon.
You worshipped Okawaru.
Okawaru was extremely pleased with you.
You visited 3 branches of the dungeon, and saw 15 of its levels.

You collected 804 gold pieces.

Inventory:

Hand Weapons
 a - a +2 hand axe of electrocution (weapon)
 M - a +0 war axe
 T - a +0 morningstar
Missiles
 o - 45 poisoned darts (quivered)
 F - 7 boomerangs
 S - 3 boomerangs of dispersal
Armour
 c - a +0 buckler (worn)
 l - a +0 plate armour
 y - a +0 pair of boots (worn)
 D - a +0 cloak (worn)
 R - the +4 chain mail of Okawaru's Wrath (worn) {-Cast rPois rF++ Str+3}
   (Okawaru gifted it to you on level 11 of the Dungeon)

   Str:       It affects your strength (+3).
   rF:        It greatly protects you from fire.
   rPois:     It protects you from poison.
   -Cast:     It prevents spellcasting.
Jewellery
 h - a ring of magical power
 r - a ring of magical power
 s - a ring of willpower (right hand)
 E - a ring of ice
 K - an amulet of reflection (around neck)
 N - a ring of protection from cold (left hand)
 U - a ring of flight
Wands
 n - a wand of mindburst (30)
 q - a wand of iceblast (27)
 w - a wand of flame (8)
 G - a wand of digging (8)
 P - a wand of paralysis (12)
Scrolls
 e - 3 scrolls of silence
 j - 3 scrolls of enchant armour {unknown}
 k - a scroll of torment {unknown}
 m - 2 scrolls of fog {unknown}
 p - 2 scrolls of noise {unknown}
 u - 2 scrolls of enchant weapon {unknown}
 v - 5 scrolls of fear {unknown}
 x - 5 scrolls of amnesia {unknown}
 z - 3 scrolls of vulnerability {unknown}
 A - 2 scrolls of brand weapon {unknown}
 B - 2 scrolls of magic mapping {unknown}
 H - a scroll of holy word {unknown}
 I - 4 scrolls of teleportation {unknown}
Potions
 b - 4 potions of curing
 d - 2 potions of might
 f - 2 potions of haste
 g - a potion of berserk rage
 i - a potion of flight
 t - 2 potions of heal wounds
 C - 2 potions of brilliance
 J - a potion of invisibility
 L - a potion of cancellation {unknown}
 O - a potion of magic {unknown}
 Q - a potion of mutation {unknown}


   Skills:
 + Level 13.0(18.0) Fighting
 + Level 12.7(17.7) Axes
 + Level 13.0(18.0) Armour
 - Level 4.0(9.0) Shields
 + Level 9.8 Invocations


You had 11 spell levels left.
You didn't know any spells.
Your spell library contained the following spells:

 Spells                   Type           Power      Damage    Failure   Level
 Ensorcelled Hibernation  Hex/Ice        0%         N/A       94%         2
 Passwall                 Tmut/Erth      0%         N/A       94%         2
 Slow                     Hex            0%         N/A       94%         2
 Confusing Touch          Hex            0%         N/A       99%         3
 Dazzling Flash           Conj/Hex       0%         N/A       99%         3
 Frozen Ramparts          Ice            0%         1d2       99%         3
 Spider Form              Tmut/Pois      0%         N/A       99%         3
 Swiftness                Air            0%         N/A       99%         3
 Ice Form                 Ice/Tmut       0%         N/A       100%        4
 Iskenderun's Mystic Bla  Conj/Tloc      0%         2d3       100%        4
 Iskenderun's Battlesphe  Conj           0%         2d6       100%        5
 Yara's Violent Unravell  Hex/Tmut       0%         3d3       100%        5
 Invisibility             Hex            0%         N/A       100%        6
 Iron Shot                Conj/Erth      0%         9d1       100%        6
 Starburst                Conj/Fire      0%         6d3       100%        6
 Summon Ice Beast         Ice/Summ       Unusable   N/A       N/A         4
 Spellforged Servitor     Conj/Summ      Unusable   N/A       N/A         7

Dungeon Overview and Level Annotations

Branches:
Dungeon (13/15) Temple (1/1) D:5 Lair (1/6) D:9 Orc (0/2) D:12 Vaults (0/5) D:12 D:13

Altars:
Ashenzari
Cheibriados
Dithmenos
Elyvilon
Fedhas
Gozag
Hepliaklqana
Kikubaaqudgha
Makhleb
Nemelex Xobeh
Okawaru
Qazlal
Ru
Sif Muna
Trog
Uskayaw
Vehumet
Wu Jian
Xom
Yredelemnul
Zin
The Shining One

Shops:
D:4 !

Annotations:
D:12 3 runed translucent doors, Rupert; ratboy's ghost, journeyman DjCA


Innate Abilities, Weirdness & Mutations

You have a pair of horns on your head.
You reflexively headbutt those who attack you in melee.


Message History

You hit the human but do no damage. Your headbutt misses the human.
The human is severely wounded.
You closely miss the human. x2; You hit Rupert.
You closely miss the human. You hit the human.
Rupert screams, "Hurray!"
Rupert completely misses you. You furiously retaliate!
You headbutt Rupert.
Unknown command.
You slash the human!
You kill the human!
Okawaru accepts your kill.
You hit the human. You slash the human!
You kill the human!
Okawaru accepts your kill.
You closely miss Rupert. You slash the human! You miss the human.
Rupert barely misses you. You furiously retaliate!
You headbutt Rupert. You block the human's attack.
The human hits you but does no damage. The human closely misses you.
Your base Fighting skill increases to level 13!
You hit the human.
You kill the human!
Okawaru accepts your kill.
You hit Rupert but do no damage. You barely miss the human. x2
Rupert roars wildly at you.
You suddenly lose the ability to move!
The human hits you but does no damage. The human hits you.
Rupert hits you with a +2 battleaxe of electrocution!!
You are electrocuted!
The human hits you but does no damage.
Rupert hits you with a +2 battleaxe of electrocution.
The human barely misses you.
Rupert hits you with a +2 battleaxe of electrocution!
* * * LOW HITPOINT WARNING * * *
You are electrocuted!
* * * LOW HITPOINT WARNING * * *
The human hits you but does no damage. x2
Rupert hits you but does no damage.
You are electrocuted!
* * * LOW HITPOINT WARNING * * *
The human hits you but does no damage. Rupert completely misses you.
The human barely misses you.
Rupert hits you with a +2 battleaxe of electrocution!
You die...

###.............######..###
.................#####....#
.##..............(........#
......#.#####.#..........##
........#####.#..........#
..#...###................#
#.....###................#
(..##...#.....÷÷††.......#
...####........p@........#
....# ##........p@.......#
....###..........#########
..........<......#
.................#
....###......##### .####
######## ##


You could see Rupert (fast) and 2 humans.

Vanquished Creatures
  Snorg (D:11)
  Erolcha (D:11)
  A hydra (D:12)
  Erica (D:11)
  A centaur warrior (D:12)
  5 two-headed ogres
  A harpy (shapeshifter) (D:12)
  2 ugly things
  A cyclops (D:10)
  An unseen horror (D:12)
  A kobold demonologist (D:10)
  3 trolls
  A water elemental (D:11)
  2 wyverns
  4 humans (D:12)
  2 wraiths (D:11)
  27 yaks
  A steam dragon (D:10)
  Grum (D:8)
  2 vampire mosquitoes (D:11)
  2 water moccasins
  2 black bears (D:7)
  9 orc warriors
  An ice beast (D:7)
  A hornet zombie (D:7)
  A sky beast (D:7)
  2 wolves
  An ogre (D:7)
  11 centaurs
  A phantom (D:5)
  A kobold brigand (D:10)
  A bullfrog (D:7)
  A water moccasin zombie (D:5)
  3 scorpions
  2 wyvern zombies (D:7)
  A killer bee (D:7)
  5 wights (D:9)
  An electric eel (D:11)
  8 howler monkeys
  2 bullfrog zombies (D:7)
  6 centaur zombies
  A hound (D:5)
  4 orc priests
  2 bullfrog skeletons
  4 centaur skeletons
  An iguana (D:5)
  Jessica (D:2)
  6 orc wizards
  3 killer bee zombies (D:7)
  A hound skeleton (D:5)
  4 gnolls
  12 adders
  2 ufetubi
  A dart slug (D:2)
  36 orcs
  3 ball pythons
  8 endoplasms
  4 giant cockroaches
  5 goblins
  7 hobgoblins
  3 bats
  7 frilled lizards
  15 kobolds
  6 rats
257 creatures vanquished.

Vanquished Creatures (others)
  A fungus (D:9)
  2 plants (D:9)
3 creatures vanquished.

Grand Total: 260 creatures vanquished

Notes
Turn   | Place    | Note
-------+----------+-------------------------------------------
     0 | D:1      | heikuro the Minotaur Fighter began the quest for the Orb.
     0 | D:1      | Reached XP level 1. HP: 19/19 MP: 0/0
    85 | D:1      | Reached XP level 2. HP: 27/27 MP: 1/1
   376 | D:1      | Reached XP level 3. HP: 26/33 MP: 2/2
   468 | D:1      | Found a faded altar of an unknown god.
  1122 | D:2      | Noticed Jessica
  1125 | D:2      | Killed Jessica
  1126 | D:2      | Reached XP level 4. HP: 41/41 MP: 3/3
  1777 | D:3      | Found an ornate altar of the Wu Jian Council.
  1864 | D:3      | Found a shadowy altar of Dithmenos.
  2010 | D:3      | Reached XP level 5. HP: 37/47 MP: 4/4
  2454 | D:4      | Reached skill level 5 in Fighting
  2454 | D:4      | Reached skill level 5 in Armour
  2463 | D:4      | Found Rypt's Distillery.
  3668 | D:5      | Entered Level 5 of the Dungeon
  3668 | D:5      | Found a staircase to the Ecumenical Temple.
  3670 | D:5      | Noticed a centaur
  3676 | D:4      | Reached XP level 6. HP: 51/56 MP: 5/5
  3831 | D:5      | Reached skill level 5 in Axes
  3847 | Temple   | Entered the Ecumenical Temple
  3906 | Temple   | Became a worshipper of Warmaster Okawaru
  4110 | D:5      | Reached skill level 1 in Invocations
  4110 | D:5      | Reached XP level 7. HP: 63/63 MP: 6/6
  4220 | D:5      | You fall into a shaft and drop 3 floors!
  4242 | D:8      | Noticed a wyvern
  4251 | D:8      | Killed a wyvern
  4442 | D:8      | Found a shimmering blue altar of Sif Muna.
  4442 | D:8      | Found a burning altar of Makhleb.
  4562 | D:8      | Noticed a yak
  4562 | D:8      | Noticed a yak
  4562 | D:8      | Noticed a yak
  4562 | D:8      | Noticed a yak
  4562 | D:8      | Noticed a yak
  4577 | D:8      | Killed a yak
  4577 | D:8      | Reached * piety under Okawaru
  4582 | D:8      | Killed a yak
  4583 | D:8      | Reached XP level 8. HP: 48/73 MP: 9/9
  4587 | D:8      | Reached ** piety under Okawaru
  5386 | D:6      | Found a radiant altar of Vehumet.
  5449 | D:6      | Identified the +3 ring mail of the Present {+Blink Stlth+}
  6263 | D:7      | Reached XP level 9. HP: 81/81 MP: 11/11
  6376 | D:7      | Reached *** piety under Okawaru
  6584 | D:7      | Found a basalt altar of Yredelemnul.
  6590 | D:7      | Reached skill level 5 in Invocations
  6852 | D:7      | Reached **** piety under Okawaru
  7680 | D:8      | Noticed Grum
  7971 | D:8      | Killed Grum
  8193 | D:8      | Found a shimmering altar of Xom.
  8550 | D:9      | Reached XP level 10. HP: 70/92 MP: 13/13
  8738 | D:9      | Noticed a red ugly thing
  8752 | D:9      | Killed a red ugly thing
  8753 | D:9      | Reached skill level 10 in Fighting
  8753 | D:9      | Reached skill level 10 in Armour
  8869 | D:9      | Received a gift from Okawaru
  9127 | D:9      | Found a glowing golden altar of the Shining One.
  9345 | D:9      | Found a blossoming altar of Fedhas.
  9351 | D:9      | Found a staircase to the Lair.
  9880 | D:10     | Entered Level 10 of the Dungeon
 10043 | D:10     | Received a gift from Okawaru
 10044 | D:10     | Reached skill level 10 in Axes
 10143 | D:10     | Noticed a two-headed ogre
 10159 | D:10     | Killed a two-headed ogre
 10160 | D:10     | Noticed a two-headed ogre
 10176 | D:10     | Killed a two-headed ogre
 10176 | D:10     | Reached ***** piety under Okawaru
 10459 | Lair:1   | Entered Level 1 of the Lair of Beasts
 10599 | D:10     | Noticed a cyclops
 10610 | D:10     | Killed a cyclops
 10611 | D:10     | Reached XP level 11. HP: 74/102 MP: 15/15
 11046 | D:10     | Found a hide-covered altar of Uskayaw.
 11302 | D:11     | Identified the +4 chain mail of Okawaru's Wrath {-Cast
                  | rPois rF++ Str+3} (Okawaru gifted it to you on level 11 of
                  | the Dungeon)
 11302 | D:11     | Received a gift from Okawaru
 11386 | D:11     | Noticed a cyan ugly thing
 11398 | D:11     | Killed a cyan ugly thing
 11585 | D:11     | Noticed Erolcha
 11587 | D:11     | Noticed Erica
 11589 | D:11     | Killed Erolcha
 11599 | D:11     | Killed Erica
 11813 | D:11     | Noticed a two-headed ogre
 11820 | D:11     | Killed a two-headed ogre
 11997 | D:11     | Noticed Snorg
 12008 | D:11     | Killed Snorg
 12081 | D:11     | Noticed a two-headed ogre
 12090 | D:11     | Killed a two-headed ogre
 12677 | D:12     | Noticed a two-headed ogre
 12678 | D:12     | Noticed a harpy
 12689 | D:12     | Killed a harpy
 12693 | D:12     | Reached XP level 12. HP: 112/113 MP: 14/17
 12695 | D:12     | Killed a two-headed ogre
 12695 | D:12     | Identified the +2 robe "Unaex" {Rampage Str-2 Int+8 Stlth-}
                  | (Okawaru gifted it to you on level 12 of the Dungeon)
 12695 | D:12     | Received a gift from Okawaru
 12833 | D:12     | Found a runed translucent gate.
 12833 | D:12     | Noticed a two-headed ogre
 12834 | D:12     | Found a runed translucent gate.
 12834 | D:12     | Found a runed translucent gate.
 12835 | D:12     | Noticed an ettin
 12841 | D:12     | Noticed a four-headed hydra
 12841 | D:12     | Noticed ratboy's ghost (journeyman DjCA)
 12841 | D:12     | Noticed a death knight
 12865 | D:12     | Noticed a centaur warrior
 12879 | D:12     | Killed a centaur warrior
 12891 | D:12     | Found a staircase to the Orcish Mines.
 13357 | D:12     | Noticed a six-headed hydra
 13415 | D:13     | Noticed a centaur warrior
 13415 | D:13     | Noticed Rupert
 13415 | D:13     | Found a gate to the Vaults.
 13500 | D:12     | Killed a six-headed hydra
 13653 | D:12     | Paralysed by Rupert for 6 turns
 13656 | D:12     | HP: 1/115 [Rupert (16)]
 13657 | D:12     | Mangled by Rupert

Illustrated notes

Levels and vault maps discovered:
D:1:      dpeg_arrival_snail, layout_loops_ring, ebering_ecumenical_altar_box
D:2:      layout_loops_cross, kennysheep_generic_room_9, uniq_jessica
D:3:      layout_loops_ring, mainiacjoe_overflow_alcove_1,
          mainiacjoe_overflow_catwalk, chequers_serial_rivers_room_b
D:4:      layout_layer_cave, serial_shops, shop
D:5:      layout_rooms, minmay_temple_entry_drinking_statues
D:6:      layout_cave_pods, nicolae_vehumet_radiance
D:7:      layout_layer_cave, nicolae_yredelemnul_corpse_copse,
          minmay_joined_circles
D:8:      layout_loops_ring, kennysheep_mini, gammafunk_temple_overflow_wave,
          uniq_grum
D:9:      layout_layer_cave, amcnicky_altar_gilded, old_standard_altar,
          dpeg_oklobed_lair
D:10:     layout_basic, nicolae_uskayaw_dance_studio
D:11:     layout_basic, uniq_snorg, uniq_erica, uniq_erolcha
D:12:     layout_rooms, david_orc_2, gammafunk_ghost_split
D:13:     layout_loops_ring, david_vaults_3, uniq_urug
Temple:   nicolae_temple_hex_pool
Lair:1:   layout_cave_pods

Skill      XL: |  1  2  3  4  5  6  7  8  9 10 11 12 |
---------------+-------------------------------------+-----
Fighting       | 4 5 6 7 8 9 11 12 13 | 13.0
Shields        | 4 |  4.0
Armour         | 4 5 6 7 8 9 11 12 13 | 13.0
Axes           | 3 4 5 6 7 9 10 12 | 12.7
Invocations    | 1 2 4 6 7 9 |  9.8

Action                   |  1- 3 |  4- 6 |  7- 9 | 10-12 || total
-------------------------+-------+-------+-------+-------++-------
Melee: War axe           |    67 |    96 |   236 |       ||   399
       Headbutt          |     8 |    18 |    57 |    89 ||   172
       Hand axe          |       |       |     9 |   319 ||   328
       Morningstar       |       |       |       |     4 ||     4
Throw: Dart              |       |       |       |     3 ||     3
Invok: Heroism           |       |       |     5 |    12 ||    17
       Finesse           |       |       |       |     3 ||     3
Evoke: Wand              |       |       |       |     2 ||     2
  Use: Scroll            |     2 |     4 |     2 |     2 ||    10
       Potion            |       |       |     1 |       ||     1
Armor: Scale mail        |    48 |    12 |       |       ||    60
       Chain mail        |       |    46 |    18 |   102 ||   166
       Plate armour      |       |       |   156 |    43 ||   199
       Ring mail         |       |       |       |    22 ||    22
Dodge: Dodged            |    28 |    60 |   106 |   112 ||   306
Block: Buckler           |    17 |    30 |    69 |   103 ||   219
       Reflection        |       |       |       |     7 ||     7

Table legend: (Time is in decaauts)
 A = Elapsed time spent in this place.
 B = Non-inter-level travel time spent in this place.
 C = Inter-level travel time spent in this place.
 D = Time resting spent in this place.
 E = Time spent auto-exploring this place.
 F = Levels seen in this place.
 G = Mean time per level.
                   A        B        C        D        E       F      G
               +--------+--------+--------+--------+--------+-----+--------+
         Total |  13626 |  13058 |    568 |   2637 |   8014 |  15 |  908.4 |
       Dungeon |  13529 |  12969 |    560 |   2637 |   7944 |  13 | 1040.7 |
        Temple |     95 |     87 |      8 |      0 |     70 |   1 |   95.0 |
          Lair |      1 |      1 |      0 |      0 |      0 |   1 |    1.0 |
               +--------+--------+--------+--------+--------+-----+--------+

Top non-repeatable levels by time:
     D:7: 1745 daAuts
     D:9: 1466 daAuts
    D:11: 1447 daAuts
     D:4: 1367 daAuts
     D:8: 1215 daAuts
    D:10: 1189 daAuts
     D:6: 1111 daAuts
    D:12: 972 daAuts
     D:1: 960 daAuts
     D:3: 774 daAuts
     D:2: 765 daAuts
     D:5: 509 daAuts
  Temple: 95 daAuts
    D:13: 4 daAuts
  Lair:1: 1 daAuts
